 Dungeon Crawl Stone Soup version 0.28.0-45-g0d030f2227 (webtiles) character file.

Game seed: 8944346898887761035

133 zeratav the Insei (level 5, 0/34 HPs)
             Began as an Octopode Transmuter on Apr 11, 2022.
             Killed from afar by Eustachio (10 damage)
             ... with a puff of flame
             ... on level 4 of the Dungeon.
             The game lasted 00:05:03 (3704 turns).

zeratav the Insei (Octopode Transmuter)             Turns: 3704, Time: 00:05:03

Health: 0/34       AC:  2    Str: 10    XL:     5   Next: 16%
Magic:  6/8        EV: 20    Int: 15    God:
Gold:   115        SH:  0    Dex: 19    Spells: 4/8 levels left

rFire   . . .      SeeInvis .     - Unarmed
rCold   . . .      Faith    .   (shield currently unavailable)
rNeg    . . .      Spirit   .   (helmet currently unavailable)
rPois   x          Reflect  .   (no amulet)
rElec   .          Harm     .   (no ring)
rCorr   .          Rampage  .   (no ring)
Will    .....                   (no ring)
Stlth   ++........              (no ring)
HPRegen 0.11/turn               (no ring)
MPRegen 0.11/turn               (no ring)
                                (no ring)
                                (no ring)

@: spider-form (expiring)
A: venomous fangs, almost no armour, (amphibious), 8 rings, tiny, (camouflage
1), (gelatinous body 1), (nimble swimmer 1), (tentacles)
a: End Transformation


You were on level 4 of the Dungeon.
You were a venomous arachnid creature.
You visited 1 branch of the dungeon, and saw 4 of its levels.

You collected 115 gold pieces.


Innate Abilities, Weirdness & Mutations

You are a venomous arachnid creature.
You have poisonous fangs.
You are tiny and dextrous.
Your spellcasting is less reliable in this form.
Your armour is entirely melded.
You are incapable of wielding weapons or throwing items.
You cannot wear most types of armour.
((You are amphibious.))
You can wear up to eight rings at the same time.
((Your skin changes colour to match your surroundings (Stealth+).))
((Your rubbery body absorbs attacks. (AC +1, EV +1)))
((You are camouflaged when in or above water. (Stealth+)))
((You have tentacles for arms and can constrict up to eight enemies at once.))


   Skills:
 + Level 2.2 Fighting
 + Level 2.9 Dodging
 + Level 2.7 Stealth
 * Level 4.2 Unarmed Combat
 - Level 2.0 Spellcasting
 - Level 2.0 Transmutations


You had 4 spell levels left.
You knew the following spells:

 Your Spells              Type           Power      Damage    Failure   Level
a - Beastly Appendage     Tmut           14%        N/A       24%         1
b - Spider Form           Tmut/Pois      4%         N/A       63%         3

Your spell library contained the following spells:

 Spells                   Type           Power      Damage    Failure   Level
 Wereblood                Tmut           7%         N/A       32%         2
 Sublimation of Blood     Necr           1%         N/A       54%         2
 Gell's Gravitas          Tloc           1%         N/A       75%         3
 Lesser Beckoning         Tloc           1%         N/A       75%         3
 Teleport Other           Tloc           1%         N/A       75%         3
 Ice Form                 Ice/Tmut       4%         N/A       93%         4
 Petrify                  Tmut/Erth      4%         N/A       93%         4
 Irradiate                Conj/Tmut      2%         3d14      99%         5

Inventory:

Hand Weapons
 e - the +5 dagger of Tobol (melded) {drain, rC+ Str-4 Int+4, short}
   (You found it on level 2 of the Dungeon)

   A truly terrible weapon, it drains the life of any living foe it strikes.
   Str:       It affects your strength (-4).
   Int:       It affects your intelligence (+4).
   rC:        It protects you from cold.
Scrolls
 b - 2 scrolls of brand weapon {unknown}
 c - a scroll of amnesia {unknown}
 f - 2 scrolls of identify {unknown}
 g - a scroll of immolation {unknown}
 h - a scroll of teleportation {unknown}
Potions
 a - a potion of cancellation {unknown}
 d - a potion of brilliance {unknown}
 i - 2 potions of curing {unknown}
 j - 2 potions of might {unknown}

Dungeon Overview and Level Annotations

Branches:
Dungeon (4/15)
 Temple: D:4-7

Altars:
Trog
Wu Jian

Shops:
D:4 !

Annotations:
D:4 Eustachio

#.. ... ..##...
.....## ##..(.....
###.........
##.#r........# ..
##..#rr.......# ...
#....sr....#..##...
###..@......#.......
##.#.................
#..)<.#..............
##....#.............$
##..##....[.....##.
####.......#.......
###....##..#....
#..............


You could see Eustachio (extremely poisoned), 2 river rats and 2 quokkas.


Message History

Your tentacle spike disappears.
Eustachio mumbles some strange words.
Eustachio blinks!
The endoplasm barely misses you. The endoplasm misses you.
Eustachio casts a spell.
Eustachio blinks!
HP[+1]
There is a stone staircase leading up here.
The endoplasm freezes you.
You are frozen.
You resist. The white imp closely misses you.
You climb upwards.
There is a stone staircase leading down here.
HP[-1]
You take 1 damage, and now have 19/34 hp.
You hit the endoplasm. You squeeze the endoplasm.
You kill the endoplasm!
You start resting.
You start resting.
HP[+15]
Your hp is fully restored (34).
There is a stone staircase leading down here.
Casting: Beastly Appendage (safe; 8% risk of failure)
Confirm with . or Enter, or press ? or * to list all spells.
The spell is quite dangerous to miscast (32% risk of failure)!
Continue anyway?
You turn into a venomous arachnid creature.
The +5 dagger of Tobol {drain, rC+ Str-4 Int+4, short} melds into your body.
MP[-3]
You lost 3 mp, and now have 5/8 mp.
You climb downwards.
Level annotation: Eustachio The orc hits you with a +0 flail.
There is a stone staircase leading up here.
HP[-6]
You take 6 damage, and now have 28/34 hp.
You hit the orc but do no damage.
The orc is poisoned.
Your transformation is almost over.
The orc closely misses you.
You barely miss the orc. The orc misses you.
You hit the orc.
The orc looks as sick as possible!
You kill the orc!
You start resting.
Eustachio is nearby!
HP[+1]
You climb upwards.
There is a stone staircase leading down here.
MP[+1]
You start resting.
Your transformation has ended.
The +5 dagger of Tobol {drain, rC+ Str-4 Int+4, short} unmelds from your body.
You sense an unholy aura.
You start resting.
HP[+2] MP[+2]
You regained 2 hp, and now have 31/34 hp.
Your mp is fully restored (8).
You start resting.
HP[+3]
Your hp is fully restored (34).
Casting: Spider Form (quite dangerous; 32% risk of failure)
Confirm with . or Enter, or press ? or * to list all spells.
The spell is quite dangerous to miscast (32% risk of failure)!
Continue anyway?
You turn into a venomous arachnid creature.
The +5 dagger of Tobol {drain, rC+ Str-4 Int+4, short} melds into your body.
MP[-3]
You lost 3 mp, and now have 5/8 mp.
You climb downwards.
Level annotation: Eustachio
There is a stone staircase leading up here.
Your transformation is almost over.
Eustachio closely misses you.
You barely miss Eustachio. Eustachio barely misses you.
Eustachio hits you with a +1 rapier of speed!
HP[-7]
You take 7 damage, and now have 27/34 hp.
MASSIVE DAMAGE!! (PAUSE)
You closely miss Eustachio.
Eustachio mumbles some strange words.
You hit Eustachio.
Eustachio is poisoned.
Eustachio mumbles some strange words.
HP[+1] MP[+1]
You completely miss Eustachio.
The river rat disappears in a puff of smoke!
The quokka misses you.
Eustachio zaps a wand.
The puff of flame hits you!
HP[-10]
You take 10 damage, and now have 18/34 hp.
MASSIVE DAMAGE!! (PAUSE)
You hit Eustachio.
Eustachio looks as sick as possible!
The river rat misses you. The quokka misses you.
You completely miss Eustachio.
Eustachio mumbles some strange words.
Eustachio blinks!
The river rat misses you. The quokka closely misses you.
You hit Eustachio.
Eustachio looks as sick as possible!
Eustachio closely misses you. The river rat bites you!
* * * LOW HITPOINT WARNING * * *
The river rat closely misses you. The quokka completely misses you.
Eustachio zaps a wand.
The puff of flame hits you!
You die...

Skill      XL: |  1  2  3  4 |
---------------+-------------+-----
Stealth        | 1 2 |  2.7
Unarmed Combat | 4 |  4.2
Fighting       | 2 |  2.2
Dodging        | |  2.9
Spellcasting   | |  2.0
Transmutations | |  2.0

Action                   |  1- 3 |  4- 6 || total
-------------------------+-------+-------++-------
Melee: Unarmed           |    43 |    10 ||    53
       Kick              |     9 |     8 ||    17
       Constrict         |    15 |    10 ||    25
       Tentacles         |    14 |     8 ||    22
       Dagger            |    24 |    51 ||    75
       Punch             |     1 |       ||     1
 Cast: Beastly Appendage |    20 |    15 ||    35
       Spider Form       |       |     2 ||     2
 Stab: Sleeping          |    16 |     8 ||    24
Armor: Skin              |     4 |       ||     4
Dodge: Dodged            |    18 |    40 ||    58

Levels and vault maps discovered:
D:1:      amcnicky_arrival_feature_with_door, layout_loops_ring,
          hangedman_decor_growths
D:2:      layout_loops_cross, chequers_ecumenical_altar_simple_redux,
          small_statue_intersection, uniq_robin
D:3:      layout_loops_ring, jmf_multi_god_temple2, minmay_misc_feat_rugged
D:4:      layout_cave_pools, serial_rivers, chequers_serial_rivers_small_a,
          chequers_serial_rivers_large_b, chequers_serial_rivers_room_b,
          chequers_serial_rivers_small_3, serial_shops, nicolae_stop_n_shop_1,
          uniq_eustachio, uniq_duvessa, uniq_menkaure

Notes
Turn   | Place    | Note
-------+----------+-------------------------------------------
     0 | D:1      | zeratav the Octopode Transmuter began the quest for the
                  | Orb.
     0 | D:1      | Reached XP level 1. HP: 13/13 MP: 3/3
     0 | D:1      | magus.rc [v1.9.6]
    61 | D:1      | Reached XP level 2. HP: 8/18 MP: 3/5
    64 | D:1      | Reached skill level 1 in Stealth
   332 | D:1      | You pick up a book of Displacement and begin reading...
   332 | D:1      | You add the spells Lesser Beckoning, Gell's Gravitas and
                  | Teleport Other to your library.
   693 | D:1      | You pick up a book of Alchemy and begin reading...
   693 | D:1      | You add the spells Sublimation of Blood, Petrify and
                  | Irradiate to your library.
   881 | D:1      | Reached XP level 3. HP: 23/23 MP: 4/6
  1371 | D:2      | Identified the +5 dagger of Tobol {drain, rC+ Str-4 Int+4}
  1814 | D:2      | Reached skill level 2 in Stealth
  1869 | D:2      | Learned a level 3 spell: Spider Form
  1997 | D:2      | Found a faded altar of an unknown god.
  2005 | D:2      | Reached XP level 4. HP: 29/29 MP: 5/7
  2006 | D:2      | Noticed Robin
  2013 | D:2      | Killed Robin
  2236 | D:2      | Reached skill level 4 in Unarmed Combat
  2382 | D:3      | Reached skill level 2 in Fighting
  2906 | D:3      | Reached XP level 5. HP: 34/34 MP: 6/8
  2970 | D:3      | Found a large runed translucent door.
  2972 | D:3      | Found a large runed translucent door.
  3378 | D:3      | Found an ornate altar of the Wu Jian Council.
  3391 | D:3      | Found a bloodstained altar of Trog.
  3430 | D:4      | Found Abrinada's Distillery.
  3478 | D:4      | Noticed Eustachio
  3704 | D:4      | Killed from afar by Eustachio

Vanquished Creatures
  Robin (D:2)
  2 adders
  2 worms (D:2)
  10 orcs
  7 ball pythons
  4 bats
  8 endoplasms
  4 giant cockroaches
  18 goblins
  5 hobgoblins
  6 kobolds
  3 quokkas
  4 frilled lizards
  7 rats
81 creatures vanquished.

Table legend:
 A = Non-vault XP
 B = Vault XP
 C = Vault XP percentage of total XP
 D = Non-vault monster count
 E = Vault monster count
 F = Vault count percentage of total count
                 A         B        C        D         E       F
            +---------+---------+-------+---------+---------+-------
      Total |     153 |      38 |  19.9 |      67 |      14 |  17.3
            +---------+---------+-------+---------+---------+-------
        D:1 |      38 |       0 |   0.0 |      22 |       0 |   0.0
        D:2 |      51 |      35 |  40.7 |      20 |      12 |  37.5
        D:3 |      58 |       3 |   4.9 |      23 |       2 |   8.0
        D:4 |       6 |       0 |   0.0 |       2 |       0 |   0.0
            +---------+---------+-------+---------+---------+-------

Illustrated notes

Table legend:
 A = Kills in this place as a percentage of kills in entire the game.
 B = Kills by you in this place as a percentage of kills by you in the entire game.
 C = Kills by friends in this place as a percentage of kills by friends in the entire game.
 D = Other kills in this place as a percentage of other kills in the entire game.
 E = Experience gained in this place as a percentage of experience gained in the entire game.
 F = Experience gained in this place divided by the number of levels of this place that you have seen.
                   A       B       C       D       E      F
               +-------+-------+-------+-------+-------+----------------------
         Total | 100.0 | 100.0 |   N/A |   N/A | 100.0 |  47.8
       Dungeon | 100.0 | 100.0 |   N/A |   N/A | 100.0 |  47.8
               +-------+-------+-------+-------+-------+----------------------

Table legend: (Time is in decaauts)
 A = Elapsed time spent in this place.
 B = Non-inter-level travel time spent in this place.
 C = Inter-level travel time spent in this place.
 D = Time resting spent in this place.
 E = Time spent auto-exploring this place.
 F = Levels seen in this place.
 G = Mean time per level.
                   A        B        C        D        E       F      G
               +--------+--------+--------+--------+--------+-----+--------+
         Total |   3702 |   3598 |    104 |    368 |   2747 |   4 |  925.5 |
       Dungeon |   3702 |   3598 |    104 |    368 |   2747 |   4 |  925.5 |
               +--------+--------+--------+--------+--------+-----+--------+

Top non-repeatable levels by time:
     D:3: 1300 daAuts
     D:2: 1230 daAuts
     D:1: 1105 daAuts
     D:4: 66 daAuts
